 Dungeon Crawl Stone Soup version 0.22.0-13-g43fe8f2 (webtiles) character file.

753 shmeve the Chopper (level 7, -14/64 HPs)
             Began as a Minotaur Berserker on Aug 16, 2018.
             Was a Believer of Trog.
             Killed from afar by Ijyb (19 damage)
             ... with a wand of acid (5)
             ... on level 5 of the Dungeon.
             The game lasted 00:06:06 (3985 turns).

shmeve the Chopper (Minotaur Berserker)             Turns: 3985, Time: 00:06:07

Health: -14/64     AC: -4    Str: 24    XL:     7   Next: 49%
Magic:  6/6        EV: 13    Int:  4    God:    Trog [**....]
Gold:   232        SH:  0    Dex:  9    Spells: 6/6 levels left

rFire    . . .     SeeInvis .   a - +0 hand axe
rCold    . . .     Gourm    .   (no shield)
rNeg     . . .     Faith    .   b - +0 animal skin
rPois    .         Spirit   .   (helmet restricted)
rElec    .         Reflect  .   r - +0 cloak
rCorr    .         Harm     .   (no gloves)
MR       ++...                  (no boots)
Stlth    +.........             (no amulet)
HPRegen  1.20/turn              (no ring)
MPRegen  0.10/turn              (no ring)

@: corroded, regenerating
A: retaliatory headbutt, horns 2
a: Berserk, Trog's Hand, Renounce Religion


You were on level 5 of the Dungeon.
You worshipped Trog.
Trog was pleased with you.
You were not hungry.

You visited 1 branch of the dungeon, and saw 5 of its levels.

You collected 232 gold pieces.

Inventory:

Hand Weapons
 a - a +0 hand axe (weapon)
Armour
 b - a +0 animal skin (worn)
 r - a +0 cloak (worn)
Jewellery
 n - an uncursed ring of resist corrosion {unknown}
Scrolls
 e - a scroll of fog {unknown}
 h - a scroll of amnesia {unknown}
 j - a scroll of remove curse {unknown}
 l - 7 scrolls of identify {unknown}
 m - a scroll of teleportation {unknown}
 p - a scroll of random uselessness {unknown}
 q - a scroll of noise {unknown}
 s - a scroll of fear {unknown}
Potions
 d - a potion of berserk rage {unknown}
 f - a potion of haste {unknown}
 g - 3 potions of agility {unknown}
 i - a potion of ambrosia {unknown}
 k - a potion of heal wounds {unknown}
 o - a potion of mutation {unknown}
 t - 3 potions of magic {unknown}
Comestibles
 c - 10 rations
 u - 8 chunks of flesh


   Skills:
 * Level 6.4 Fighting
 * Level 6.4 Axes
 + Level 2.8 Throwing
 + Level 4.4 Armour
 + Level 4.1 Dodging


You had 6 spell levels left.
You didn't know any spells.
Your spell library was empty.

Dungeon Overview and Level Annotations

Branches:
Dungeon (5/15)             Temple (0/1) D:4

Altars:
Dithmenos
Fedhas
Hepliaklqana
Makhleb
Sif Muna
Trog
Vehumet
Xom
Yredelemnul

Annotations:
D:5 Ijyb


Innate Abilities, Weirdness & Mutations

You reflexively headbutt those who attack you in melee.
You have a pair of horns on your head.


Message History

Found a stone staircase leading up.
A hippogriff comes into view.
Ijyb zaps a wand.
The bolt of acid misses you.
It is a wand of acid (7).
You barely miss Ijyb.
The hippogriff screeches!
Ijyb zaps a wand.
The bolt of acid hits you! The acid corrodes you!
You are splashed with acid!
The acid burns!
You barely miss Ijyb. Ijyb screams, "I cut your head off!"
Ijyb zaps a wand.
The bolt of acid hits you! The acid corrodes you!
You are splashed with acid!
The acid burns!
* * * LOW HITPOINT WARNING * * *
You barely miss Ijyb. Ijyb hits you with a dagger.
* * * LOW HITPOINT WARNING * * *
You closely miss Ijyb. Ijyb hits you with a dagger.
* * * LOW HITPOINT WARNING * * *
Your skin crawls.
You feel resistant to hostile enchantments.
You feel somewhat more hungry.
Ijyb zaps a wand.
The bolt of acid hits you!
You die...

.. .. . ##.#
..#####.. .....<.
.. .H..# #######..#
#g>## #......#..
#.@.###...._.....
#................
#....###...........
......###
#._..⌠.._... ..####
#.........# ..
##.......# #
#..._...# ## ####
##....###...
###..## #....#.....


You could see a hippogriff and Ijyb.

Vanquished Creatures
  Sigmund (D:5)
  Duvessa (D:5)
  Dowan (D:5)
  A bullfrog zombie (D:5)
  A centaur skeleton (D:4)
  A hound (D:4)
  An orc priest (D:5)
  2 bullfrog skeletons (D:5)
  An iguana (D:5)
  Robin (D:2)
  7 adders
  7 gnolls (D:2)
  An ooze (D:1)
  2 adder zombies (D:5)
  3 worms (D:2)
  2 dart slugs
  4 orcs
  4 bats
  5 giant cockroaches
  9 hobgoblins
  15 jackals
  8 kobolds
  2 quokkas
  A ball python (D:1)
  4 frilled lizards
  11 goblins
  5 rats
101 creatures vanquished.

Notes
Turn   | Place    | Note
-------+----------+-------------------------------------------
     0 | D:1      | shmeve the Minotaur Berserker began the quest for the Orb.
     0 | D:1      | Reached XP level 1. HP: 19/19 MP: 0/0
   112 | D:1      | Reached XP level 2. HP: 24/27 MP: 1/1
   393 | D:1      | Reached XP level 3. HP: 31/33 MP: 2/2
   751 | D:2      | Reached skill level 1 in Throwing
   753 | D:2      | Reached ** piety under Trog
   768 | D:2      | Reached XP level 4. HP: 8/41 MP: 3/3
   777 | D:2      | HP: 2/41 [jackal (1)]
  1313 | D:2      | Found a blossoming altar of Fedhas.
  1346 | D:2      | Noticed Robin
  1351 | D:2      | Reached XP level 5. HP: 39/47 MP: 4/4
  1354 | D:2      | Killed Robin
  1863 | D:2      | Reached skill level 5 in Axes
  2071 | D:3      | Found a shadowy altar of Dithmenos.
  2071 | D:3      | Found a deep blue altar of Sif Muna.
  2568 | D:3      | Found a hazy altar of Hepliaklqana.
  2793 | D:3      | Reached skill level 5 in Fighting
  2807 | D:4      | Found a radiant altar of Vehumet.
  2909 | D:4      | Reached XP level 6. HP: 56/56 MP: 5/5
  3130 | D:4      | Found a staircase to the Ecumenical Temple.
  3368 | D:5      | Entered Level 5 of the Dungeon
  3387 | D:5      | Noticed Dowan
  3388 | D:5      | Noticed Duvessa
  3389 | D:5      | Noticed Sigmund
  3396 | D:5      | Killed Dowan
  3401 | D:5      | Killed Sigmund
  3401 | D:5      | Reached XP level 7. HP: 44/62 MP: 6/6
  3403 | D:5      | Killed Duvessa
  3745 | D:5      | Found a shimmering altar of Xom.
  3747 | D:5      | Found a bloodstained altar of Trog.
  3747 | D:5      | Found a burning altar of Makhleb.
  3970 | D:5      | Found a basalt altar of Yredelemnul.
  3977 | D:5      | Noticed Ijyb
  3980 | D:5      | Noticed a hippogriff
  3985 | D:5      | Killed from afar by Ijyb

Skill      XL: |  1  2  3  4  5  6  7 |
---------------+----------------------+-----
Fighting       | 4 5 6 |  6.4
Axes           | 4 5 6 |  6.4
Throwing       | 1 2 |  2.8
Armour         | 3 4 |  4.4
Dodging        | 3 4 |  4.1

Action                   |  1- 3 |  4- 6 |  7- 9 || total
-------------------------+-------+-------+-------++-------
Melee: Hand axe          |    55 |   110 |    35 ||   200
       Headbutt          |     4 |    20 |     4 ||    28
Invok: Berserk           |     1 |     2 |       ||     3
       Trog's Hand       |       |     2 |     1 ||     3
 Stab: Sleeping          |     1 |       |       ||     1
  Eat: Chunk             |       |    10 |     3 ||    13
Armor: Animal skin       |     9 |    20 |     7 ||    36
Dodge: Dodged            |    55 |    71 |    34 ||   160
